 Dungeon Crawl Stone Soup version 0.19.4-8-ga85b6b9 (webtiles) character file.

583993 danebombitumenja the Merry Centaur (level 26, -12/237 HPs)
             Began as a Centaur Hunter on Feb 11, 2017.
             Was a High Priest of Okawaru.
             Killed by a malign offering
             ... invoked by a deep elf high priest
              (26 damage)
             ... on level 5 of the Vaults on Feb 12, 2017.
             The game lasted 07:20:56 (103984 turns).

danebombitumenja the Merry Centaur (CeHu)         Turns: 103984, Time: 07:20:57

Health: -12/237    AC: 32    Str: 26    XL:     26   Next: 48%
Magic:  30/37      EV: 11    Int: 10    God:    Okawaru [*****.]
Gold:   3070       SH:  0    Dex: 11    Spells: 7 memorised, 31 levels left

rFire  + + +     SeeInvis .     a - +9 longbow (velocity)
rCold  + + .     Gourm    .     A - +1 chain mail of the Bulwark {rF+ MR+}
rNeg   . . .     Faith    +     (shield currently unavailable)
rPois  .         Spirit   .     B - +1 helmet
rElec  +         Reflect  .     U - +1 cloak "Wiphudit" {rF+}
rCorr  .         Harm     .     j - +2 pair of gloves {archery}
MR     +++..                    L - +1 centaur barding {rC+}
Stlth  ..........               T - amulet of faith
                                y - ring of Mistrust {rElec rF+ rC+ Dex+2}
                                t - ring of protection from magic

@: heroism, very quick
A: hooves 3, clumsy 1, deformed body, speed 2, tough skin 3
a: Heroism, Finesse, Renounce Religion
}: 2/15 runes: serpentine, barnacled


You were on level 5 of the Vaults.
You worshipped Okawaru.
Okawaru was extremely pleased with you.
You were not hungry.

You visited 8 branches of the dungeon, and saw 44 of its levels.
You visited the Abyss 2 times.
You also visited: Labyrinth and Ice Cave.

You collected 4888 gold pieces.
You spent 1818 gold pieces at shops.

Inventory:

Hand Weapons
 a - a +9 longbow of velocity (weapon)
 b - the +9 heavy crossbow "Sniper" {velocity, nevermiss, SInv}
   (You found it on level 1 of the Vaults)

   Any bolt fired from it inflicts extra damage.
   It lets you see invisible.
 H - the +8 bow of Krishna "Sharnga" {speed, Dex+3 SInv}
   (You found it on level 1 of the Shoals)

   Attacks with this weapon are significantly faster.
   It affects your dexterity (+3).
   It lets you see invisible.
 W - the +9 trident "Banisher" {freeze, rC+}
   (You found it on level 4 of the Dungeon)

   It has been specially enchanted to freeze those struck by it, causing extra
   injury to most foes and up to half again as much damage against particularly
   susceptible opponents.
   It can also slow down cold-blooded creatures.
   It protects you from cold.
Missiles
 d - 1175 arrows (quivered)
 e - 2472 bolts
Armour
 j - a +2 pair of gloves of archery (worn)
 A - the +1 chain mail of the Bulwark (worn) {rF+ MR+}
   (Okawaru gifted it to you on level 4 of the Snake Pit)

   It protects you from fire.
   It affects your resistance to hostile enchantments.
 B - a +1 helmet (worn)
 L - a +1 centaur barding of cold resistance (worn)
 U - the +1 cloak "Wiphudit" (worn) {rF+}
   (You found it on level 2 of the Lair of Beasts)

   It protects you from fire.
Jewellery
 k - the ring of Xeloh {Fire *Corrode MR++ Str+2 Stlth+}
   (You acquired it on level 3 of the Vaults)

   [ring of fire]

   It enhances your fire magic.
   It affects your strength (+2).
   It protects you from fire.
   It makes you vulnerable to cold.
   It affects your resistance to hostile enchantments.
   It may corrode you when you take damage.
   It makes you more stealthy.
 t - a ring of protection from magic (left hand)
 y - the ring of Mistrust (right hand) {rElec rF+ rC+ Dex+2}
   (You bought it in a shop on level 2 of the Orcish Mines)

   [ring of protection from cold]

   It affects your dexterity (+2).
   It protects you from fire.
   It protects you from cold.
   It insulates you from electricity.
 D - an uncursed ring of resist corrosion
 I - an uncursed ring of see invisible
 T - an amulet of faith (around neck)
Wands
 i - a wand of hasting (0/9)
 m - a wand of heal wounds (0/9)
 n - a wand of teleportation (0/9)
 s - a wand of digging (9/24)
Scrolls
 f - 2 scrolls of enchant weapon
 g - 20 scrolls of remove curse
 o - 5 scrolls of immolation
 p - 6 scrolls of magic mapping
 q - a scroll of enchant armour
 z - 5 scrolls of fog
 O - 4 scrolls of fear
 X - a scroll of blinking
Potions
 l - a potion of cure mutation {!q}
 r - 8 potions of might
 v - 11 potions of curing
 w - 4 potions of mutation {!q}
 C - 6 potions of agility
 E - 3 potions of heal wounds
 F - 3 potions of cancellation
 P - 4 potions of resistance
Miscellaneous
 c - 3 phantom mirrors
Comestibles
 J - 7 beef jerkies
 V - 14 royal jellies


   Skills:
 + Level 19.4(24.4) Fighting
 - Level 15.2(20.2) Polearms
 O Level 27 Bows
 + Level 7.7(12.7) Crossbows
 + Level 14.0(19.0) Armour
 + Level 9.1(14.1) Dodging
 - Level 0.4(5.4) Stealth
 + Level 10.0 Spellcasting
 - Level 6.0 Hexes
 - Level 6.0 Summonings
 + Level 12.3 Translocations
 + Level 16.5 Invocations


You had 31 spell levels left.
You knew the following spells:

 Your Spells              Type           Power        Failure   Level  Hunger
a - Portal Projectile     Tloc           ####..       1%          3    ##.....
b - Corona                Hex            ###....      3%          1    None
c - Shroud of Golubria    Chrm/Tloc      ###.......   6%          2    None
d - Passage of Golubria   Tloc           N/A          3%          4    ####...
e - Blink                 Tloc           N/A          1%          2    None
f - Summon Butterflies    Summ           ###.....     3%          1    None
g - Apportation           Tloc           ####......   1%          1    None


Dungeon Overview and Level Annotations

Branches:
Dungeon (15/15)            Temple (0/1) D:6            Lair (6/6) D:8
 Shoals (4/4) Lair:3        Snake (4/4) Lair:4        Slime (0/5) Lair:6
    Orc (2/2) D:12            Elf (3/3) Orc:2        Vaults (5/5) D:14
  Crypt (0/3) Vaults:2     Depths (5/5) D:15            Zot (0/5) Depths:5

Altars:
Ashenzari
Dithmenos
Makhleb
Nemelex Xobeh
Okawaru
Qazlal
Sif Muna
Uskayaw
Beogh

Shops:
Orc:2 =([*:   Elf:1 ?   Snake:2 [   Snake:3 =}=   Snake:4 (*   Depths:3 (

Portals:
Hell: Depths:1 Depths:2 Depths:3 Depths:4 Depths:5
Abyss: Depths:4
Pandemonium: Depths:1 Depths:3
Ziggurat: Depths:2

Annotations:
Elf:2 2 runed doors
Depths:2 8 runed doors
Depths:3 1 runed door, exclusion: door


Innate Abilities, Weirdness & Mutations

You have hooves in place of feet.
Armour fits poorly on your strangely shaped body.
You cover ground very quickly.
You have extremely tough skin. (AC +3)
You are clumsy. (Dex -2)


Message History

The vault warden is almost dead.
The vault warden hits you but does no damage.
Firing (i - inventory):
d - 1177 arrows (quivered)
Press: ? - help, Shift-Dir - straight line, f/p - vault warden
Aim: a vault warden, wielding a glaive and wearing a plate armour (almost dead)
You shoot an arrow. The arrow hits the vault warden!
You kill the vault warden!
Okawaru accepts your kill.
Your life force feels restored.
The yaktaur captain shoots a bolt.
The bolt hits you!
* * * LOW HITPOINT WARNING * * *
Firing (i - inventory):
d - 1176 arrows (quivered)
Press: ? - help, Shift-Dir - straight line, f - deep elf high priest
Aim: a deep elf high priest, wielding a scimitar and wearing a ring mail You shoot an arrow.
The arrow hits the deep elf high priest!!
The deep elf high priest is heavily wounded.
The deep elf high priest utters a dark prayer and points at you.
Your life force is offered up.
You die...

▒▒▒▒▒▒▒▒▒▒▒▒▒▒▒▒▒▒▒▒▒▒▒▒▒▒▒▒▒▒▒▒▒
···(·c·······)···················
(··((((·(·c(e(··@················
·▒▒▒▒▒▒▒▒▒▒▒▒▒▒▒▒▒▒▒▒▒▒▒)··)····▒
···········))·····
··········▒····▒··
··········▒····▒▒·
·▒▒▒▒··†·▒····▒·· ▒····▒····▒▒·
▒····▒····▒▒▒ ▒····▒····▒ ·


You could see a yaktaur captain and a deep elf high priest.

Vanquished Creatures
  Sojobo (Depths:2)
  Bai Suzhen (Vaults:4)
  Margery (Depths:3)
  Saint Roka (Depths:2)
  Vashnia (Snake:4)
  A caustic shrike (Depths:3)
  Nikola (Depths:3)
  A bone dragon (Depths:5)
  A golden dragon (Depths:5)
  Jory (Vaults:4)
  Jorgrun (Shoals:3)
  2 tentacled monstrosities (Vaults:5)
  2 liches
  2 deep elf blademasters (Elf:3)
  2 deep elf master archers (Elf:3)
  2 quicksilver dragons
  Frances (D:14)
  7 sphinxes
  A titan (Vaults:5)
  Polyphemus (Shoals:2)
  Gastronok (D:9)
  A kraken (Shoals:2)
  A tentacled starspawn (Abyss:2)
  6 tengu reavers
  Kirke (Shoals:3)
  A revenant (Vaults:2)
  2 storm dragons
  Donald (Vaults:3)
  8 nagarajas
  3 shadow dragons
  Ilsuiw (Shoals:4)
  5 fire giants
  8 deep elf sorcerers
  Louise (D:15)
  Aizul (Depths:3)
  19 vault wardens
  11 frost giants
  An orc warlord (Orc:2)
  A balrug (Depths:3)
  3 curse skulls
  3 caustic shrike skeletons (Depths:4)
  5 deep elf elementalists (Elf:3)
  19 ironheart preservers
  2 draconian callers (Depths:5)
  2 spriggan defenders (Depths:4)
  18 stone giants
  2 entropy weavers (Lair:5)
  3 vampire knights
  22 very ugly things
  Nessos (D:13)
  A juggernaut skeleton (Depths:4)
  5 deep elf demonologists
  2 deep elf annihilators (Elf:3)
  2 red draconians (Depths:5)
  2 dire elephants (Depths:3)
  A black draconian (Depths:5)
  Snorg (Lair:6)
  7 spark wasps
  12 ettins
  The ghost of Tramtrist the Fighter, a journeyman MiBe of Trog (D:12)
  The ghost of North the Unseen, a journeyman SpEn of Okawaru (Snake:2)
  A minotaur (Lab)
  4 merfolk javelineers (Shoals:4)
  A crystal guardian (Vaults:4)
  An ettin (shapeshifter) (D:14)
  19 fire dragons
  12 deep elf death magi
  12 merfolk impalers
  Josephine (D:14)
  A quicksilver dragon skeleton (Depths:4)
  5 deep elf high priests
  5 great orbs of eyes
  13 ogre magi
  12 yaktaur captains
  9 ice dragons
  4 rakshasas
  5 hydras
  4 catoblepae
  40 vault guards
  A hell beast (Depths:3)
  6 spriggan air magi
  15 naga warriors
  7 merfolk avatars
  3 satyrs
  6 merfolk aquamancers (Shoals:3)
  23 dancing weapons
  17 anacondas
  12 centaur warriors
  Erica (D:9)
  6 tengu warriors
  2 alligator snapping turtles (Shoals:4)
  8 death yaks
  6 deep troll earth magi
  7 deep troll shamans
  7 shock serpents
  A hell hog (shapeshifter) (Depths:4)
  A queen ant (Lair:5)
  A thrashing horror (Abyss:2)
  7 orc high priests
  4 vampire magi
  15 naga sharpshooters
  7 hell knights (Depths:3)
  7 spriggans
  25 deep elf knights
  A sixfirhy (Depths:1)
  2 sun demons (Depths:3)
  9 iron trolls
  2 titan skeletons (Depths:4)
  3 spriggan berserkers
  24 skeletal warriors
  7 salamander mystics
  A fire crab (Lair:4)
  A storm dragon skeleton (Depths:4)
  18 deep trolls
  A fire crab (shapeshifter) (Elf:2)
  2 spriggan druids (Depths:3)
  8 glowing orange brains
  13 sea snakes
  6 wizards
  6 unseen horrors
  3 flayed ghosts
  A tengu zombie (Depths:3)
  10 naga ritualists
  21 deep elf archers
  2 golden dragon skeletons (Depths:4)
  A harpy (shapeshifter) (Depths:3)
  24 ironbrand convokers
  9 hill giants
  10 orc knights
  39 harpies
  10 wolf spiders
  5 phantasmal warriors
  A sphinx zombie (Vaults:1)
  Pikel (D:9)
  3 lindwurms (Depths:3)
  2 tengu skeletons
  11 cyclopes
  2 sphinx skeletons (Depths:4)
  A frost giant zombie (Depths:3)
  10 necromancers
  61 ugly things
  11 mana vipers
  89 deep elf magi
  9 orc sorcerers
  18 salamanders
  4 oklob plants
  10 manticores
  7 fauns
  A shadow dragon skeleton (Depths:4)
  A manticore (shapeshifter) (Abyss:2)
  A moth of wrath (shapeshifter) (Vaults:5)
  A worldbinder (Abyss:2)
  2 frost giant skeletons
  A stone giant zombie (Vaults:3)
  7 fire giant skeletons
  44 black mambas
  19 vault sentinels
  A rust devil (Depths:1)
  6 guardian serpents
  14 sirens
  The ghost of Exporg the Cudgeler, a novice MiFi of Qazlal (D:5)
  24 naga magi
  7 water nymphs
  An apocalypse crab (Abyss:2)
  An orange demon (Depths:1)
  4 elf skeletons
  5 ice statues (IceCv)
  21 spiny frogs
  4 centaur zombies
  A yaktaur zombie (Vaults:1)
  7 komodo dragons
  A spriggan skeleton (Depths:4)
  A storm dragon simulacrum (Vaults:3)
  A hellion (Depths:1)
  2 kobold demonologists (D:15)
  3 rime drakes
  A yaktaur (shapeshifter) (Vaults:2)
  86 yaktaurs
  A golden dragon simulacrum (Depths:3)
  A komodo dragon (shapeshifter) (Vaults:5)
  3 anaconda simulacra (IceCv)
  An efreet (D:13)
  2 tengu conjurers (Depths:4)
  14 trolls
  A freezing wraith (Vaults:3)
  38 merfolk
  A troll (shapeshifter) (Depths:3)
  27 two-headed ogres
  A meliai (D:13)
  7 wind drakes
  13 hornets
  A raiju (Abyss:2)
  5 tyrant leeches (Lair:6)
  18 hippogriffs
  A tengu simulacrum (Vaults:3)
  20 dream sheep
  26 slime creatures
  2 sphinx simulacra (Vaults:2)
  A harpy skeleton (D:15)
  Grinder (D:3)
  3 blink frogs (Lair:4)
  13 snapping turtles
  Sigmund (D:6)
  17 air elementals
  13 flying skulls (Depths:4)
  A vampire (D:14)
  2 redbacks (Lab)
  A ynoxinul (Depths:1)
  A tarantella (shapeshifter) (Depths:3)
  6 wyverns
  A shadow (D:11)
  7 wraiths
  A dire elephant simulacrum (IceCv)
  21 humans (D:14)
  A fire bat (Abyss:2)
  26 water elementals
  47 yaks
  8 basilisks
  2 chaos spawn
  A fire elemental (Elf:3)
  6 hogs (Shoals:3)
  Eustachio (D:6)
  2 golden eyes (shapeshifter)
  A basilisk (shapeshifter) (Elf:3)
  A hungry ghost (D:13)
  A neqoxec (Abyss:2)
  8 vampire mosquitoes
  8 wargs
  4 human simulacra
  Menkaure (D:6)
  3 harpy simulacra (IceCv)
  3 mottled dragons
  55 nagas
  3 small abominations (Abyss:2)
  18 soldier ants
  14 water moccasins
  Duvessa (D:4)
  2 hydra simulacra (IceCv)
  7 porcupines
  A hell hound (Depths:3)
  11 ice beasts
  52 orc warriors
  9 sky beasts
  A slave (D:9)
  An elf zombie (Vaults:4)
  3 eyes of draining
  3 necrophages
  3 phantoms
  2 orc zombies (Vaults:1)
  2 black bears
  51 ogres
  22 wolves
  18 boggarts
  10 centaurs
  9 crocodiles
  26 bullfrogs
  4 big kobolds
  5 human zombies
  An ogre simulacrum (Vaults:1)
  An earth elemental (Elf:3)
  Dowan (D:4)
  A wyvern skeleton (D:10)
  9 killer bees
  3 scorpions
  An elf simulacrum (Vaults:2)
  8 electric eels
  4 howler monkeys
  11 crimson imps
  15 hounds
  3 quasits
  27 orc priests
  3 bullfrog zombies
  10 jellies
  6 centaur skeletons
  A bullfrog skeleton (D:10)
  6 iguanas
  An iron imp (Depths:1)
  32 orc wizards
  34 worker ants
  A hound skeleton (D:11)
  A howler monkey zombie (D:11)
  14 adders
  A gnoll (D:1)
  A howler monkey skeleton (D:10)
  A white imp (Depths:1)
  2 ufetubi
  5 oozes (D:8)
  An adder zombie (D:7)
  4 adder skeletons
  3 worms
  3 dart slugs
  3 leopard geckos
  137 orcs
  A ball python (D:2)
  6 giant cockroaches
  7 goblins
  9 hobgoblins
  19 jackals
  24 kobolds
  4 quokkas
  9 bats
  2 frilled lizards
  2 jackal skeletons
  A jackal zombie (D:6)
  9 rats
  A lurking horror (Abyss:2)
  4 plants
  2 starspawn tentacles (Abyss:2)
  A tentacle (Shoals:2)
  A withered plant (Shoals:2)
2498 creatures vanquished.

Vanquished Creatures (others)
  A deep elf elementalist (Elf:3)
  An unseen horror (Vaults:1)
  A black mamba (Snake:3)
  A two-headed ogre (Vaults:5)
  A water elemental (Shoals:3)
  An orc (D:9)
  11 bushes
  17 fungi
  63 plants
  2 starspawn tentacles (Abyss:2)
  25 tentacles
124 creatures vanquished.

Grand Total: 2622 creatures vanquished

Notes
Turn   | Place    | Note
-------+----------+-------------------------------------------
     0 | D:1      | danebombitumenja the Centaur Hunter began the quest for the Orb.
     0 | D:1      | Reached XP level 1. HP: 17/17 MP: 1/1
   386 | D:1      | Reached XP level 2. HP: 15/24 MP: 2/2
   620 | D:1      | Reached skill level 6 in Bows
   854 | D:1      | Reached XP level 3. HP: 29/30 MP: 3/3
  1790 | D:2      | Reached XP level 4. HP: 25/38 MP: 4/4
  2650 | D:3      | Reached skill level 7 in Bows
  2656 | D:3      | Noticed Grinder
  2665 | D:3      | Paralysed by Grinder for 3 turns
  2672 | D:3      | Killed Grinder
  2672 | D:3      | Reached skill level 8 in Bows
  2672 | D:3      | Reached XP level 5. HP: 39/46 MP: 5/5
  2672 | D:3      | Reached XP level 6. HP: 44/52 MP: 6/6
  3122 | D:4      | Noticed Duvessa
  3122 | D:4      | Noticed Dowan
  3126 | D:4      | Killed Duvessa
  3126 | D:4      | Reached skill level 9 in Bows
  3135 | D:4      | Killed Dowan
  3358 | D:4      | Got a scorched trident
  3359 | D:4      | Identified the +9 trident "Banisher" {freeze, rC+} (You found it on level 4 of the Dungeon)
  3382 | D:4      | Found a hide-covered altar of Uskayaw.
  3382 | D:4      | Found a faded altar of an unknown god.
  3393 | D:4      | Found an iron altar of Okawaru.
  3395 | D:4      | Found a stormy altar of Qazlal.
  3396 | D:4      | Found a shadowy altar of Dithmenos.
  3400 | D:4      | Became a worshipper of Warmaster Okawaru
  3454 | D:4      | Reached XP level 7. HP: 52/60 MP: 7/7
  3724 | D:4      | Reached skill level 1 in Polearms
  3823 | D:4      | Reached skill level 5 in Fighting
  3823 | D:4      | Reached skill level 10 in Bows
  4152 | D:4      | Noticed a two-headed ogre
  4173 | D:4      | Killed a two-headed ogre
  4173 | D:4      | Reached * piety under Okawaru
  4173 | D:4      | Reached XP level 8. HP: 69/69 MP: 8/8
  4433 | D:5      | Entered Level 5 of the Dungeon
  4558 | D:5      | Reached skill level 11 in Bows
  4925 | D:5      | Noticed Exporg's ghost (novice MiFi)
  4982 | D:5      | Killed Exporg's ghost
  4982 | D:5      | Reached ** piety under Okawaru
  4982 | D:5      | Reached skill level 12 in Bows
  5417 | D:6      | Reached XP level 9. HP: 78/78 MP: 9/9
  5454 | D:6      | Found a burning altar of Makhleb.
  5509 | D:6      | Noticed Menkaure
  5534 | D:6      | Killed Menkaure
  5712 | D:6      | Found a staircase to the Ecumenical Temple.
  5736 | D:6      | Noticed Eustachio
  5753 | D:6      | Killed Eustachio
  5753 | D:6      | Reached *** piety under Okawaru
  5753 | D:6      | Received a gift from Okawaru
  5775 | D:6      | Noticed Sigmund
  5808 | D:6      | Killed Sigmund
  5808 | D:6      | Reached skill level 13 in Bows
  5808 | D:6      | Reached skill level 1 in Invocations
  5995 | D:6      | Found a shattered altar of Ashenzari.
  6587 | D:7      | Received a gift from Okawaru
  7087 | D:8      | Noticed a troll
  7239 | D:7      | Killed a troll
  7239 | D:7      | Reached skill level 14 in Bows
  7239 | D:7      | Reached XP level 10. HP: 61/86 MP: 12/12
  7686 | D:8      | Found a staircase to the Lair.
  7954 | D:8      | Reached **** piety under Okawaru
  8301 | D:8      | Received a gift from Okawaru
  8418 | D:8      | Reached skill level 5 in Invocations
  8714 | D:9      | Reached skill level 15 in Bows
  8910 | D:9      | Noticed Gastronok
  8936 | D:9      | Killed Gastronok
  8936 | D:9      | Reached ***** piety under Okawaru
  8936 | D:9      | Reached skill level 5 in Polearms
  8936 | D:9      | Reached XP level 11. HP: 95/95 MP: 15/15
  9229 | Lair:1   | Entered Level 1 of the Lair of Beasts
  9834 | D:9      | Noticed Erica
  9844 | D:9      | Killed Erica
  9844 | D:9      | Reached skill level 16 in Bows
 10285 | D:9      | Noticed Pikel
 10302 | D:9      | Killed Pikel
 10302 | D:9      | Received a gift from Okawaru
 10695 | D:9      | Found a stormy altar of Qazlal.
 10926 | D:10     | Entered Level 10 of the Dungeon
 10959 | D:10     | Noticed a hill giant
 10991 | D:9      | Killed a hill giant
 11111 | D:10     | Noticed a hill giant
 11146 | D:9      | Killed a hill giant
 11418 | D:10     | Noticed a purple ugly thing
 11424 | D:10     | Killed a purple ugly thing
 12295 | D:11     | Noticed a white ugly thing
 12330 | D:11     | Killed a white ugly thing
 12437 | D:11     | Noticed a red ugly thing
 12461 | D:11     | Killed a red ugly thing
 12461 | D:11     | Reached skill level 17 in Bows
 13076 | D:11     | Reached XP level 12. HP: 106/106 MP: 17/17
 13191 | D:11     | Reached skill level 10 in Fighting
 13390 | D:11     | Noticed an eight-headed hydra
 13407 | D:11     | Killed an eight-headed hydra
 14206 | D:12     | Received a gift from Okawaru
 14571 | D:12     | Received a gift from Okawaru
 14621 | D:12     | Reached ****** piety under Okawaru
 15140 | D:11     | Reached skill level 18 in Bows
 15252 | D:12     | Noticed Tramtrist's ghost (journeyman MiBe)
 15733 | D:12     | Killed Tramtrist's ghost
 16060 | D:12     | Found a roughly hewn altar of Beogh.
 16060 | D:12     | Found a staircase to the Orcish Mines.
 17796 | Lair:1   | Reached XP level 13. HP: 88/115 MP: 20/20
 17858 | Lair:1   | Reached skill level 1 in Armour
 19087 | Lair:2   | Got a translucent cloak
 19095 | Lair:2   | Identified the +1 cloak "Wiphudit" {rF+} (You found it on level 2 of the Lair of Beasts)
 19788 | Lair:3   | Found a labyrinth entrance.
 19797 | Lab      | Entered a labyrinth
 20011 | Lab      | Received a gift from Okawaru
 20152 | Lab      | Noticed a minotaur
 20156 | Lab      | Killed a minotaur
 20156 | Lab      | Reached skill level 19 in Bows
 20163 | Lab      | Got an ancient flail {antimagic}
 20166 | Lab      | Identified Dec Kuth's Foundations of Spellweaving
 20171 | Lab      | Identified the cursed +3 flail of Termination {antimagic, Fragile rElec Dex+5} (You took it off a minotaur in a labyrinth)
 20248 | Lair:3   | Identified a +3 rod of inaccuracy (14/14) (You found it in a labyrinth)
 20417 | Lair:3   | Reached skill level 10 in Invocations
 20869 | Lair:3   | Found a staircase to the Shoals.
 21182 | Lair:3   | Noticed a merfolk impaler
 21209 | Lair:3   | Killed a merfolk impaler
 21486 | Lair:4   | Found a staircase to the Snake Pit.
 22004 | Lair:4   | Received a gift from Okawaru
 22188 | Lair:4   | Received a gift from Okawaru
 22424 | Lair:4   | Received a gift from Okawaru
 23280 | Lair:5   | Received a gift from Okawaru
 23985 | Lair:5   | Noticed an entropy weaver
 23991 | Lair:5   | Killed an entropy weaver
 24025 | Lair:5   | Noticed an entropy weaver
 24029 | Lair:5   | Killed an entropy weaver
 24029 | Lair:5   | Reached XP level 14. HP: 105/125 MP: 22/22
 24563 | Lair:5   | Reached skill level 20 in Bows
 24687 | Lair:6   | Entered Level 6 of the Lair of Beasts
 24699 | Lair:5   | Received a gift from Okawaru
 26709 | Lair:6   | Noticed Snorg
 26728 | Lair:6   | Killed Snorg
 27239 | Lair:6   | Received a gift from Okawaru
 27481 | Lair:6   | Found a staircase to the Slime Pits.
 28189 | Lair:6   | Received a gift from Okawaru
 28189 | Lair:6   | Reached skill level 21 in Bows
 28685 | D:13     | Noticed Nessos
 28687 | D:13     | Killed Nessos
 28687 | D:13     | Received a gift from Okawaru
 29191 | D:13     | Reached skill level 10 in Polearms
 29191 | D:13     | Reached XP level 15. HP: 36/134 MP: 23/23
 29204 | D:13     | Reached skill level 5 in Armour
 29258 | D:13     | Received a gift from Okawaru
 29633 | D:13     | Received a gift from Okawaru
 30833 | D:14     | Found a gate to the Vaults.
 31288 | D:14     | Received a gift from Okawaru
 31566 | D:14     | Noticed Josephine
 31576 | D:14     | Killed Josephine
 31576 | D:14     | Received a gift from Okawaru
 31579 | D:14     | Got a polished shortbow {god gift}
 31580 | D:14     | Identified the +9 shortbow "Bynos" {speed, *Corrode rF+ rC++ Stlth+} (Okawaru gifted it to you on level 14 of the Dungeon)
 31691 | D:14     | Identified a scroll of acquirement
 31865 | D:14     | Noticed Frances
 32385 | D:13     | Reached skill level 22 in Bows
 32473 | D:14     | Killed Frances
 32713 | D:15     | Entered Level 15 of the Dungeon
 33043 | D:15     | Noticed Louise
 33047 | D:15     | Cast into level 2 of the Abyss (Louise)
 33125 | Abyss:2  | Noticed a lich
 33266 | D:15     | Escaped the Abyss
 33298 | D:15     | Cast into level 2 of the Abyss (Louise)
 33541 | Abyss:2  | Noticed a tentacled starspawn
 33549 | Abyss:2  | Killed a tentacled starspawn
 33697 | D:15     | Escaped the Abyss
 33711 | D:15     | Killed Louise
 33711 | D:15     | Received a gift from Okawaru
 33750 | D:15     | Gained mutation: You are clumsy. (Dex -2) [mutagenic glow]
 34875 | D:15     | Received a gift from Okawaru
 34879 | D:15     | Got a fine shortbow {god gift}
 34880 | D:15     | Identified the +10 shortbow of the World {speed, rPois Int+9 Stlth-} (Okawaru gifted it to you on level 15 of the Dungeon)
 34958 | D:15     | Reached XP level 16. HP: 144/144 MP: 24/24
 35490 | D:15     | Found a staircase to the Depths.
 35509 | Depths:1 | Entered Level 1 of the Depths
 36490 | Depths:1 | Paralysed by a vampire knight for 7 turns
 36702 | D:15     | Received a gift from Okawaru
 36897 | Depths:1 | Got a slimy brass amulet
 37260 | Orc:1    | Entered Level 1 of the Orcish Mines
 37325 | Orc:2    | Entered Level 2 of the Orcish Mines
 37387 | Orc:2    | Found Hyraemit's Jewellery Boutique.
 37595 | Orc:1    | Received a gift from Okawaru
 38550 | Orc:2    | Found a staircase to the Elven Halls.
 38576 | Orc:2    | Found a roughly hewn altar of Beogh.
 38675 | Orc:2    | Reached skill level 23 in Bows
 39578 | Orc:2    | Received a gift from Okawaru
 39600 | Orc:2    | Found Ungek's General Store.
 39601 | Orc:2    | Found Dybboe's Book Boutique.
 39642 | Orc:2    | Found Unicius's Antique Armour Shop.
 39643 | Orc:2    | Found Qirereel's Antique Weapon Shop.
 39669 | Orc:2    | Bought the ring of Mistrust {rElec rF+ rC+ Dex+2} for 702 gold pieces
 39669 | Orc:2    | Bought a scroll of acquirement for 728 gold pieces
 40042 | D:13     | Received a gift from Okawaru
 40045 | D:13     | Got a steaming great sword {god gift}
 40046 | D:13     | Identified the +1 great sword of Caguefia {pain, Int+4} (Okawaru gifted it to you on level 13 of the Dungeon)
 40480 | Snake:1  | Entered Level 1 of the Snake Pit
 40521 | Snake:1  | Identified the amulet of Baeskeng {RegenMP Dex+3} (You acquired it on level 1 of the Depths)
 41811 | Snake:1  | Received a gift from Okawaru
 41814 | Snake:1  | Got a faintly glowing longbow {god gift}
 41815 | Snake:1  | Identified the +1 longbow of the Endless March {velocity, rF+ rC+ SInv} (Okawaru gifted it to you on level 1 of the Snake Pit)
 42423 | Snake:2  | Noticed North's ghost (journeyman SpEn)
 42431 | Snake:2  | Killed North's ghost
 42643 | Snake:2  | Found Athaj's Specialty Armours.
 42847 | Snake:2  | Reached XP level 17. HP: 151/154 MP: 25/25
 43019 | Snake:2  | Received a gift from Okawaru
 43817 | Snake:2  | Received a gift from Okawaru
 44338 | Snake:3  | Reached skill level 24 in Bows
 45476 | Snake:3  | Found Xied's Jewellery Shop.
 45476 | Snake:3  | Found Puoc's Gadget Emporium.
 45477 | Snake:3  | Found Kuynad's Jewellery Shop.
 45564 | Snake:4  | Entered Level 4 of the Snake Pit
 45564 | Snake:4  | Found a sparkling altar of Nemelex Xobeh.
 46042 | Snake:4  | Received a gift from Okawaru
 46285 | Snake:4  | Got a steaming chain mail {god gift}
 46480 | Snake:3  | Identified the +1 chain mail of the Bulwark {rF+ MR+} (Okawaru gifted it to you on level 4 of the Snake Pit)
 47171 | Snake:4  | HP: 6/154 [black mamba (11)]
 47179 | Snake:3  | HP: 4/154 [black mamba (9)]
 47792 | Snake:4  | Found Pibu's Assorted Antiques.
 47793 | Snake:4  | Found Zuhed's Antique Weapon Boutique.
 48410 | Snake:4  | Received a gift from Okawaru
 48543 | Snake:4  | Noticed Vashnia
 48552 | Snake:4  | Killed Vashnia
 48552 | Snake:4  | Reached skill level 15 in Fighting
 48802 | Snake:3  | Reached skill level 25 in Bows
 48802 | Snake:3  | Reached XP level 18. HP: 110/163 MP: 26/26
 50095 | Snake:4  | Got a serpentine rune of Zot
 50467 | Snake:4  | Received a gift from Okawaru
 51496 | Depths:1 | Got a steaming emerald amulet
 51844 | Shoals:1 | Entered Level 1 of the Shoals
 51964 | Shoals:1 | Identified the amulet "Toumpola" {Spirit Int+4 Slay+2} (You acquired it on level 1 of the Depths)
 52961 | Shoals:1 | Received a gift from Okawaru
 54048 | Shoals:2 | Received a gift from Okawaru
 54052 | Shoals:2 | Got a crystal halberd {god gift}
 54053 | Shoals:2 | Identified the +9 halberd of Camorirph {chop, +Blink rN+ Str+7} (Okawaru gifted it to you on level 2 of the Shoals)
 54684 | Shoals:2 | Reached skill level 26 in Bows
 54770 | Shoals:3 | Noticed Polyphemus
 54784 | Shoals:2 | Killed Polyphemus
 55069 | Shoals:3 | Noticed Kirke
 55098 | Shoals:3 | Killed Kirke
 55175 | Shoals:3 | Received a gift from Okawaru
 55178 | Shoals:3 | Got a heavily runed chain mail {god gift}
 55977 | Shoals:3 | Reached XP level 19. HP: 166/172 MP: 27/27
 55986 | Shoals:3 | Reached skill level 10 in Armour
 56391 | Shoals:3 | Noticed Jorgrun
 56401 | Shoals:3 | Killed Jorgrun
 56537 | Shoals:4 | Entered Level 4 of the Shoals
 58441 | Shoals:4 | Got a barnacled rune of Zot
 59741 | Shoals:4 | Received a gift from Okawaru
 59744 | Shoals:4 | Got a smoking centaur barding {god gift}
 59758 | Shoals:4 | Identified the +2 centaur barding of Distant Shores {Str+2} (Okawaru gifted it to you on level 4 of the Shoals)
 60065 | Lair:1   | Identified the +1 chain mail of Panentheism {rPois Slay+2} (Okawaru gifted it to you on level 3 of the Shoals)
 61954 | Shoals:4 | Identified Nuulages's Compendium of the Boosting Compass
 62228 | Shoals:4 | Noticed Ilsuiw
 62243 | Shoals:4 | Killed Ilsuiw
 62661 | Shoals:4 | Reached skill level 27 in Bows
 63540 | Lair:1   | Learned a level 2 spell: Shroud of Golubria
 63678 | Elf:1    | Entered Level 1 of the Elven Halls
 63681 | Elf:1    | Reached skill level 1 in Spellcasting
 63754 | Elf:1    | Received a gift from Okawaru
 63800 | Elf:1    | Reached skill level 1 in Translocations
 63901 | Elf:1    | Found a frozen archway.
 64002 | IceCv    | Entered an ice cave
 64300 | Elf:1    | Found Zuoth's Magic Scroll Emporium.
 64690 | Elf:2    | Found a deep blue altar of Sif Muna.
 64701 | Elf:2    | Reached XP level 20. HP: 182/182 MP: 28/28
 64877 | Elf:2    | Found a large runed door.
 64877 | Elf:2    | Found a large runed door.
 64899 | Elf:2    | Found a large runed door.
 64899 | Elf:2    | Found a large runed door.
 65437 | Elf:2    | Received a gift from Okawaru
 66101 | Elf:3    | Entered Level 3 of the Elven Halls
 66209 | Elf:3    | Received a gift from Okawaru
 67891 | Elf:3    | Received a gift from Okawaru
 69194 | Elf:2    | Reached skill level 5 in Translocations
 70120 | Elf:3    | Received a gift from Okawaru
 70554 | Elf:3    | Received a gift from Okawaru
 70592 | Elf:3    | Reached skill level 5 in Spellcasting
 70737 | Elf:3    | Got a steaming ivory ring
 70739 | Elf:3    | Identified the ring "Duhius" {rN+ Int+5 Dex+2} (You took it off a deep elf sorcerer on level 3 of the Elven Halls)
 71222 | Elf:3    | Learned a level 2 spell: Blink
 71226 | Elf:3    | Learned a level 3 spell: Portal Projectile
 71231 | Elf:3    | Learned a level 4 spell: Passage of Golubria
 71236 | Elf:3    | Identified Cigotuvi's Incunabulum of Mutagenic Black Rituals
 71263 | Elf:3    | Got a pair of faintly humming gloves
 71274 | Elf:3    | Identified the +0 pair of gloves "Limocw" {+Inv MR- Int+4 Slay+3} (You found it on level 3 of the Elven Halls)
 71285 | Elf:3    | Identified Sejoimm's Volume of the Rocks and Execration
 71307 | Elf:3    | Identified the Papyrus of Damaging Evil Secrets
 71908 | Snake:4  | Bought a pair of glowing gloves for 388 gold pieces
 71996 | Snake:2  | Reached XP level 21. HP: 191/191 MP: 30/30
 72373 | Elf:3    | Got an encrusted leather armour
 72384 | Elf:3    | Identified the cursed +1 leather armour of Cowardice {-Tele Dex+2 Slay+2} (You took it off a deep elf sorcerer on level 3 of the Elven Halls)
 72735 | Depths:1 | Received a gift from Okawaru
 72968 | Depths:1 | Found a one-way gate leading to the halls of Pandemonium.
 73220 | Depths:1 | Received a gift from Okawaru
 73396 | Depths:1 | Received a gift from Okawaru
 73693 | Depths:1 | Found a gateway to Hell.
 73889 | Depths:2 | Found a large runed door.
 73913 | Depths:2 | Found a large runed door.
 73915 | Depths:2 | Found a large runed door.
 73919 | Depths:2 | Found a large runed door.
 73976 | Depths:2 | Noticed Sojobo
 74038 | Depths:2 | Identified a +5 rod of inaccuracy (14/14) (You took it off a deep elf sorcerer on level 3 of the Elven Halls)
 74059 | Depths:2 | Killed Sojobo
 74422 | Depths:2 | Found a large runed door.
 75341 | Depths:2 | Received a gift from Okawaru
 75363 | Depths:2 | Got a scorched glaive {god gift}
 75679 | Depths:2 | Found a large runed door.
 75684 | Depths:2 | Found a large runed door.
 75714 | Depths:2 | Noticed Aizul
 76136 | Depths:2 | Found a gateway to a ziggurat.
 76146 | Depths:2 | Noticed Saint Roka
 76169 | Depths:2 | Killed Saint Roka
 77052 | Depths:2 | Found a large runed door.
 77108 | Depths:3 | Noticed Margery
 77222 | Depths:3 | Received a gift from Okawaru
 77281 | Depths:3 | Found Buekio's Antique Weapon Shop.
 77327 | Depths:3 | Noticed Nikola
 77336 | Depths:3 | Killed Nikola
 77336 | Depths:3 | Received a gift from Okawaru
 77421 | Depths:3 | Killed Aizul
 77858 | Depths:3 | Reached XP level 22. HP: 201/201 MP: 32/32
 78099 | Depths:3 | Reached XP level 23. HP: 207/207 MP: 33/33
 78369 | Depths:3 | Received a gift from Okawaru
 78528 | Depths:3 | Found a runed door.
 78530 | Depths:3 | Found a runed door.
 78543 | Depths:3 | Found a runed warning-scrawled door.
 78835 | Depths:3 | Killed Margery
 79069 | Depths:3 | Reached skill level 5 in Dodging
 80086 | Depths:3 | Got an ichor-stained chain mail
 80097 | Depths:3 | Identified the +1 chain mail "Ajye" {MR++ Int-2} (You found it on level 3 of the Depths)
 80163 | Depths:4 | Found a one-way gate to the infinite horrors of the Abyss.
 80582 | Depths:4 | Received a gift from Okawaru
 80754 | Depths:4 | Got a pearl-studded ring mail
 80765 | Depths:4 | Identified the +1 ring mail of the Pleiades {Str+4 Int+5} (You found it on level 4 of the Depths)
 81186 | Depths:4 | Learned a level 1 spell: Corona
 81612 | Depths:3 | Noticed a caustic shrike
 81619 | Depths:3 | Killed a caustic shrike
 81619 | Depths:3 | Reached skill level 1 in Hexes
 81960 | Lair:1   | Identified the +9 glaive "Jellyslayer" {drain, MR+} (Okawaru gifted it to you on level 2 of the Depths)
 82240 | Elf:3    | Learned a level 1 spell: Summon Butterflies
 82974 | Depths:4 | Received a gift from Okawaru
 83025 | Depths:4 | Received a gift from Okawaru
 83225 | Depths:4 | Reached skill level 1 in Summonings
 83309 | Depths:4 | Got a fine halberd
 83310 | Depths:4 | Identified the +6 halberd "Sirghu" {freeze, MP+9 Stlth+} (You found it on level 4 of the Depths)
 84285 | Depths:4 | Reached XP level 24. HP: 79/217 MP: 28/34
 84910 | Depths:5 | Entered Level 5 of the Depths
 85164 | Depths:5 | Reached skill level 10 in Translocations
 85265 | Depths:5 | Received a gift from Okawaru
 85623 | Depths:5 | Received a gift from Okawaru
 85623 | Depths:5 | Reached skill level 15 in Polearms
 85997 | Depths:5 | Found a gate to the Realm of Zot.
 86684 | Vaults:1 | Entered Level 1 of the Vaults
 88519 | Vaults:1 | Got a jewelled bardiche {venom}
 88530 | Vaults:1 | Got a smoking plate armour
 88570 | Vaults:1 | Got a polished plate armour
 88581 | Vaults:1 | Identified the +5 plate armour of the Battered Spirits {Str-5 Int+7 Dex+5} (You found it on level 1 of the Vaults)
 88591 | Vaults:1 | Identified the +10 plate armour of Yjesaom {rCorr Str+3} (You found it on level 1 of the Vaults)
 88605 | Vaults:1 | Identified the cursed +3 bardiche of Ru's Favour {venom, rN++} (You took it off an ironbrand convoker on level 1 of the Vaults)
 88704 | Vaults:1 | Received a gift from Okawaru
 89077 | Vaults:1 | Received a gift from Okawaru
 89108 | Vaults:1 | Reached skill level 15 in Invocations
 89281 | Vaults:2 | Reached skill level 1 in Crossbows
 89592 | Vaults:2 | Received a gift from Okawaru
 90016 | Vaults:2 | Found a staircase to the Crypt.
 90835 | Vaults:2 | Received a gift from Okawaru
 90874 | Vaults:2 | Reached XP level 25. HP: 213/226 MP: 11/35
 91342 | Vaults:2 | Reached skill level 5 in Hexes
 91749 | Lair:1   | Learned a level 1 spell: Apportation
 92653 | Vaults:3 | Got a pitted chain mail
 92664 | Vaults:3 | Identified the +5 chain mail "Qyxisica" {-Tele +Fly rN+} (You found it on level 3 of the Vaults)
 92745 | Vaults:3 | Got a transparent platinum ring
 93011 | Vaults:3 | Reached skill level 5 in Summonings
 93663 | Vaults:3 | Received a gift from Okawaru
 93669 | Vaults:3 | Got an encrusted chain mail {god gift}
 93680 | Vaults:3 | Identified the +7 chain mail of Dawn {rPois} (Okawaru gifted it to you on level 3 of the Vaults)
 94709 | Vaults:3 | Noticed Donald
 95235 | Vaults:3 | Killed Donald
 95928 | Depths:3 | Reached skill level 5 in Crossbows
 96850 | Vaults:4 | Received a gift from Okawaru
 97476 | Vaults:4 | Noticed Jory
 97487 | Vaults:4 | Killed Jory
 97487 | Vaults:4 | Received a gift from Okawaru
 98389 | Vaults:4 | Identified the ring of Xeloh {Fire *Corrode MR++ Str+2 Stlth+} (You acquired it on level 3 of the Vaults)
 98585 | Vaults:4 | Noticed Bai Suzhen
 98607 | Vaults:4 | Killed Bai Suzhen
 99507 | Vaults:4 | Reached XP level 26. HP: 133/235 MP: 36/36
100113 | Vaults:5 | Entered Level 5 of the Vaults
100644 | Vaults:5 | Paralysed by a floating eye for 4 turns
100674 | Vaults:4 | Received a gift from Okawaru
101294 | Vaults:5 | Received a gift from Okawaru
101799 | Vaults:5 | Received a gift from Okawaru
102974 | Vaults:4 | HP: 11/236 [cyan very ugly thing (12)]
102974 | Vaults:4 | HP: 4/236 [cyan very ugly thing (7)]
103979 | Vaults:5 | Reached skill level 10 in Spellcasting
103984 | Vaults:5 | Killed from afar by a deep elf high priest

Skill      XL: |  1  2  3  4  5  6  7  8  9 10 11 12 13 14 15 16 17 18 19 20 21 22 23 24 25 26 |
---------------+-------------------------------------------------------------------------------+-----
Bows           | 6 8 9 10 12 14 15 17 18 19 21 22 23 25 26 27 | 27.0
Fighting       | 3 4 5 6 7 8 9 10 11 12 13 14 15 16 17 18 19 | 19.4
Polearms       | 2 3 4 5 6 7 8 10 11 12 13 14 15 | 15.2
Invocations    | 3 6 7 9 10 11 12 13 14 15 16 | 16.5
Armour         | 3 4 6 7 9 10 11 12 13 14 | 14.0
Spellcasting   | 2 5 6 7 8 9 10 | 10.0
Translocations | 2 5 8 9 10 11 12 | 12.3
Dodging        | 4 6 7 8 9 |  9.1
Hexes          | 2 4 6 |  6.0
Summonings     | 1 4 6 |  6.0
Crossbows      | 3 6 7 |  7.7
Stealth        | |  0.4

Action                   |  1- 3 |  4- 6 |  7- 9 | 10-12 | 13-15 | 16-18 | 19-21 | 22-24 | 25-27 || total
-------------------------+-------+-------+-------+-------+-------+-------+-------+-------+-------++-------
Melee: Short sword       |    80 |    42 |       |       |       |       |       |       |       ||   122
       Kick              |    14 |    10 |     7 |    81 |   224 |   139 |    12 |     5 |       ||   492
       Spear             |       |    16 |       |       |       |       |       |       |       ||    16
       Trident           |       |     6 |    57 |   433 |   753 |   576 |    61 |    46 |       ||  1932
       Punch             |       |       |       |     1 |       |       |       |       |       ||     1
       Halberd           |       |       |       |       |       |    33 |       |       |       ||    33
 Fire: Shortbow          |     7 |    11 |   154 |   310 |    78 |       |       |       |       ||   560
       Hunting sling     |       |    12 |    78 |    13 |       |       |       |       |       ||   103
       Arbalest          |       |       |       |     1 |       |       |       |       |       ||     1
       Longbow           |       |       |       |       |   504 |  1427 |  2224 |  1703 |  1140 ||  6998
       Heavy crossbow    |       |       |       |       |       |       |       |       |    22 ||    22
Throw: Javelin           |       |     9 |     2 |       |       |       |       |       |       ||    11
 Cast: Portal Projectile |       |       |       |       |       |       |     5 |     9 |    39 ||    53
       Corona            |       |       |       |       |       |       |       |       |     3 ||     3
       Passage of Golubr |       |       |       |       |       |       |       |       |     3 ||     3
       Apportation       |       |       |       |       |       |       |       |       |     2 ||     2
       Blink             |       |       |       |       |       |       |       |       |     1 ||     1
Invok: Heroism           |       |       |       |     1 |     2 |     3 |     9 |     1 |    15 ||    31
       Finesse           |       |       |       |     1 |     2 |     3 |     8 |     1 |    12 ||    27
 Abil: Stop Flying       |       |       |       |       |       |     2 |       |       |       ||     2
       Evoke Flight      |       |       |       |       |       |     1 |       |       |       ||     1
Evoke: Wand              |       |       |       |       |     1 |       |       |       |     4 ||     5
       Rod               |       |       |       |       |       |       |     4 |       |       ||     4
  Use: Scroll            |       |       |       |    13 |    16 |    19 |    21 |     4 |    10 ||    83
       Potion            |       |       |       |       |     9 |     3 |     6 |       |     1 ||    19
  Eat: Chunk             |     2 |     4 |     9 |    37 |    30 |    27 |    45 |    30 |    24 ||   208
       Fruit             |       |       |       |     2 |     1 |    12 |     6 |     2 |    13 ||    36
       Pizza             |       |       |       |       |     1 |     2 |     4 |       |     1 ||     8
       Bread ration      |       |       |       |       |     1 |     2 |       |       |       ||     3
       Beef jerky        |       |       |       |       |       |     1 |       |       |     1 ||     2
       Meat ration       |       |       |       |       |       |     1 |       |       |       ||     1
Armor: Leather armour    |    13 |       |       |       |       |       |       |       |       ||    13
       Scale mail        |    10 |    44 |    44 |     1 |       |       |       |       |       ||    99
       Chain mail        |       |       |       |   246 |   485 |   552 |   404 |   174 |   287 ||  2148
Dodge: Dodged            |    33 |    21 |    23 |    84 |   103 |   135 |   129 |    87 |   159 ||   774
Block: Reflection        |       |       |       |       |       |       |       |       |     3 ||     3
